[Event "Late-Titled-Tuesday-Blitz-February-06-2024"]
[Site "Chess.com"]
[Date "2024.02.06"]
[Round "4"]
[White "reigningmvp"]
[Black "AmanteDeMoi"]
[Result "0-1"]
[WhiteElo "2382"]
[BlackElo "2594"]
[TimeControl "180+1"]
[EndTime "14:36:56 PST"]
[Termination "AmanteDeMoi won by resignation"]

1. e4 g6 2. Nc3 Bg7 3. f4 c6 4.
h3 d5 5. e5 h5 6. Nf3 Nh6 7. d4 Nf5 8. Bd3 Ng3 9. Rg1 Bf5 10. Be3 Bxd3 11. Qxd3 e6 12. Bf2 h4 13. Bxg3 hxg3 14. O-O-O Bh6 15. Ne2 Nd7 16. Kb1 c5 17. c3 c4 18. Qe3 b5 19. Nxg3 a5 20.
Ng5 b4 21. Ka1 b3 22. a3 Nb6 23. h4 Bf8 24. Rh1 Bxa3 25. bxa3 Qe7 26. Qf2 Qxa3+ 27. Kb1 Na4 28. Qd2 Rb8 29. h5 b2 30. hxg6 Qa1+ 31. Kc2 b1=Q+ 32. Rxb1 Qa2+ 33. Kd1 Rxh1+ 34. Nxh1 Rxb1+ 35. Ke2 Nxc3+ 36. Ke3 Nd1+ 37. Ke2 Rb2 38. g7 Rxd2+ 39.
Kf3 Qb3+ 40. Kg4 Rxg2+ 41. Kh4 Rh2+ 42. Kg4 Ne3+ 43. Kg3 Nf1+ 44. Kg4 Qd1+ 45. Nf3 Rg2+ 46. Kh4 Rxg7 0-1

[Event "Late-Titled-Tuesday-Blitz-February-06-2024"]
[Site "Chess.com"]
[Date "2024.02.06"]
[Round "4"]
[White "nindjaxx8"]
[Black "Sokoloco"]
[Result "1-0"]
[WhiteElo "2574"]
[BlackElo "2771"]
[TimeControl "180+1"]
[EndTime "14:36:59 PST"]
[Termination "nindjaxx8 won by resignation"]

1. d4 d6 2. c4 e5 3. Nc3 exd4 4.
Qxd4 Nc6 5. Qd2 Nf6 6. b3 Be7 7.
Bb2 O-O 8. Nf3 Bf5 9. e3 Ne4 10. Nxe4 Bxe4 11. Bd3 Bxf3 12. gxf3 Bf6 13. Rg1 a5 14. a4 Nb4 15. Be4 c6 16. Rg3 d5 17.
cxd5 cxd5 18. Bf5 g6 19. Rd1 Re8 20. h4 Bxh4 21. Qd4 f6 22. Qxh4 Ra6 23. Bxg6 hxg6 24.
Rxg6+ Kf8 25. Qh8+ Ke7 26. Bxf6+ Kd7 27. Qh3+ 1-0

[Event "Late-Titled-Tuesday-Blitz-February-06-2024"]
[Site "Chess.com"]
[Date "2024.02.06"]
[Round "4"]
[White "OglazaOskar2005"]
[Black "Jospem"]
[Result "0-1"]
[WhiteElo "2618"]
[BlackElo "3041"]
[TimeControl "180+1"]
[EndTime "14:37:03 PST"]
[Termination "Jospem won by resignation"]

1. e4 c5 2. Nf3 d6 3. d4 cxd4 4. Nxd4 a6 5. Be3 e6 6. Nc3 Nf6 7. h3 h5 8. g3 Bd7 9. Bg2 Nc6 10.
O-O Be7 11. Qe2 Rc8 12. Rad1 Ne5 13. Kh1 Qc7 14. f4 Nc4 15. Bc1 b5 16. b3 Nb6 17.
Bb2 b4 18. Nb1 d5 19. Nd2 dxe4 20. Nxe4 Nbd5 21. Nxf6+ Nxf6 22. Rf2 O-O 23. f5 e5 24. Nf3 e4 25. Ne5 Bb5 26. Qe3 Rfd8 27. Rfd2 Rxd2 28.
Rxd2 Bd6 29. Rxd6 Qxd6 30. Bd4 Rd8 31. c3 bxc3 32. Bxc3 Nd5 33. Qd4 Nxc3 34. Qxc3 Qd4 35. Qc7 Rf8 36. f6 gxf6 37. Nc6 Bxc6 38. Qxc6 e3 39.
Qf3 Rd8 40. Qxh5 Qd1+ 41. Qxd1 Rxd1+ 0-1

[Event "Late-Titled-Tuesday-Blitz-February-06-2024"]
[Site "Chess.com"]
[Date "2024.02.06"]
[Round "4"]
[White "karinachess1"]
[Black "Yushko_Olga"]
[Result "1-0"]
[WhiteElo "2662"]
[BlackElo "2224"]
[TimeControl "180+1"]
[EndTime "14:37:09 PST"]
[Termination "karinachess1 won by resignation"]

1. d4 e6 2. c4 Nf6 3. Nc3 d5 4.
cxd5 exd5 5. Bg5 Nbd7 6. e3 Be7 7. Bd3 O-O 8. Qc2 h6 9. Bh4 c6 10. Nf3 Ng4 11. Bxe7 Qxe7 12. O-O Nb6 13. Rab1 Be6 14.
h3 Nf6 15. Ne5 Nfd7 16. f4 Nxe5 17. dxe5 Rad8 18. Qf2 f5 19. Ne2 Nc4 20. Nd4 c5 21.
Nxe6 Qxe6 22. Rbc1 Nxb2 23. Qxb2 c4 24. Be2 b6 25.
Qd4 Rfe8 26. Bf3 Re7 27. Rxc4 Red7 28. Rc3 g5 29. Rfc1 gxf4 30. Rc6 Qe7 31. Qxf4 d4 32.
Qxh6 Qh7 33. Qg5+ Kf8 34. Rf6+ Ke8 35. Bh5+ Ke7 36. Rf7+ 1-0

[Event "Late-Titled-Tuesday-Blitz-February-06-2024"]
[Site "Chess.com"]
[Date "2024.02.06"]
[Round "4"]
[White "ATM622"]
[Black "Anna20240"]
[Result "1-0"]
[WhiteElo "2446"]
[BlackElo "1899"]
[TimeControl "180+1"]
[EndTime "14:37:12 PST"]
[Termination "ATM622 won by checkmate"]

1. d4 d5 2. c4 e6 3. Nf3 Nf6 4. g3 c5 5. cxd5 exd5 6. Bg2 Nc6 7. O-O cxd4 8. Nxd4 Bc5 9. Nxc6 bxc6 10. a3 O-O 11. b4 Bb6 12. Bb2 Re8 13. Nd2 Bg4 14. Nf3 Qe7 15. Ne5 Rac8 16. Rc1 Bd7 17. Nxd7 Nxd7 18. e3 Ne5 19. Bd4 Nc4 20. Bh3 Rcd8 21. Qd3 Qe4 22.
Qxe4 Rxe4 23. Bg2 Ree8 24. Rfd1 Nxa3 25. Bxb6 axb6 26. Rxc6 Nc4 27. Rxd5 Rxd5 28. Bxd5 Ne5 29. Rc7 Rd8 30. e4 g5 31. f4 gxf4 32. gxf4 Nf3+ 33.
Kg2 Nh4+ 34. Kg3 Ng6 35. Bxf7+ Kh8 36. Bxg6 hxg6 37. Kg4 Rd1 38. Kg5 Rg1+ 39. Kh6 Rg2 40. Rc8# 1-0

[Event "Late-Titled-Tuesday-Blitz-February-06-2024"]
[Site "Chess.com"]
[Date "2024.02.06"]
[Round "4"]
[White "JackRodgers"]
[Black "Adar_07"]
[Result "1-0"]
[WhiteElo "2518"]
[BlackElo "2707"]
[TimeControl "180+1"]
[EndTime "14:37:15 PST"]
[Termination "JackRodgers won by resignation"]

1. d4 Nf6 2. Bg5 Ne4 3. Bh4 d5 4. f3 Nd6 5. Nc3 c6 6. e4 dxe4 7. fxe4 Qb6 8. Rb1 Nd7 9. Nf3 g6 10. Bf2 Bg7 11. e5 Nf5 12. g4 Nh6 13. h3 O-O 14. Bc4 Qc7 15. Qd2 Nb6 16. Bb3 Kh8 17.
Be3 Ng8 18. Ng5 e6 19. O-O Nd5 20. Nxd5 exd5 21. c3 Be6 22. Rf2 h6 23. Nxe6 fxe6 24. Rbf1 Rxf2 25. Rxf2 Rf8 26. Bc2 Rxf2 27. Qxf2 Kh7 28.
h4 c5 29. h5 cxd4 30. Bxg6+ Kh8 31. cxd4 Ne7 32. Qf7 Qd7 33. Bxh6 1-0

[Event "Late-Titled-Tuesday-Blitz-February-06-2024"]
[Site "Chess.com"]
[Date "2024.02.06"]
[Round "4"]
[White "smotherhubbard"]
[Black "JonasEilenberg"]
[Result "0-1"]
[WhiteElo "2370"]
[BlackElo "2529"]
[TimeControl "180+1"]
[EndTime "14:37:16 PST"]
[Termination "JonasEilenberg won by checkmate"]

1. d4 d5 2. c4 e6 3. Nc3 c6 4. e3 Nf6 5. Nf3 Nbd7 6. Bd3 dxc4 7. Bxc4 b5 8. Bd3 Bb7 9. O-O a6 10. e4 c5 11. d5 c4 12. Bc2 Qc7 13. Bg5 O-O-O 14.
Qe2 Bd6 15. Rfe1 Ne5 16. h3 h6 17. Bxf6 gxf6 18. Rad1 Rhg8 19. Nb1 Bc5 20. Nbd2 Kb8 21. b3 exd5 22. exd5 c3 23. Ne4 Bxd5 24. Rxd5 Rxd5 25. Nxf6 Nxf3+ 26. Qxf3 Rd2 27. Nxg8 Bxf2+ 28. Kf1 Bxe1 29.
Kxe1 Rxc2 30. Nf6 Qe5+ 31. Kf1 Rc1+ 32. Kf2 Qe1# 0-1

[Event "Late-Titled-Tuesday-Blitz-February-06-2024"]
[Site "Chess.com"]
[Date "2024.02.06"]
[Round "4"]
[White "K_A_S_T_O_R"]
[Black "lluiss"]
[Result "1-0"]
[WhiteElo "2878"]
[BlackElo "2160"]
[TimeControl "180+1"]
[EndTime "14:37:19 PST"]
[Termination "K_A_S_T_O_R won by resignation"]

1. e4 e6 2. d4 d5 3. Nc3 Nf6 4. e5 Nfd7 5. Nce2 Be7 6. f4 g6 7.
Nf3 h5 8. c3 b6 9. Neg1 Ba6 10.
Bxa6 Nxa6 11. Qa4 Nb8 12. Nh3 Kf8 13. O-O Kg7 14. Be3 c5 15. Qd1 c4 16. Bf2 b5 17. b4 a5 18. a3 Nc6 19. Qd2 Qc7 20.
Nhg5 Ra7 21. Bh4 Rha8 22. Rab1 axb4 23. axb4 Ra2 24. Qe3 Rc2 25. f5 Bxg5 26. f6+ Kf8 27. Nxg5 Nd8 28. Rf2 Rca2 29. Nh7+ Ke8 30. Qh6 Nb8 31.
Nf8 Ra1 32. Rff1 Rxb1 33. Rxb1 Ra2 34. Qh8 1-0

[Event "Late-Titled-Tuesday-Blitz-February-06-2024"]
[Site "Chess.com"]
[Date "2024.02.06"]
[Round "4"]
[White "Arteler"]
[Black "tactic"]
[Result "1-0"]
[WhiteElo "2515"]
[BlackElo "2651"]
[TimeControl "180+1"]
[EndTime "14:37:20 PST"]
[Termination "Arteler won by resignation"]

1. e4 d5 2. exd5 c6 3. dxc6 Nxc6 4. Nf3 e5 5. Bb5 Bd6 6. d4 exd4 7. Nxd4 Ne7 8. Nxc6 bxc6 9. Bd3 O-O 10. O-O Ng6 11. Nd2 Re8 12. Qh5 Re5 13. Qd1 Rd5 14. Nf3 Bg4 15.
h3 Bf5 16. Bg5 Qd7 17. Bxf5 Qxf5 18. Qe2 f6 19. c4 Rd3 20. Rfd1 Rxd1+ 21. Rxd1 Bc5 22.
Be3 Re8 23. Qd3 Qh5 24. Qd7 Nf8 25. Qxc6 Bxe3 26. fxe3 Qh6 27. Qxe8 1-0

[Event "Late-Titled-Tuesday-Blitz-February-06-2024"]
[Site "Chess.com"]
[Date "2024.02.06"]
[Round "4"]
[White "Arystanner"]
[Black "ChristopherYoo"]
[Result "1-0"]
[WhiteElo "2862"]
[BlackElo "3005"]
[TimeControl "180+1"]
[EndTime "14:37:21 PST"]
[Termination "Arystanner won on time"]

1. e4 c5 2. Nf3 d6 3. Bb5+ Bd7 4.
Bxd7+ Nxd7 5. c3 Ngf6 6. Qe2 e6 7. d4 cxd4 8. cxd4 d5 9. e5 Ne4 10. O-O Be7 11. Rd1 O-O 12. Ne1 h6 13. f3 Ng5 14.
Nc3 Nb6 15. f4 Ne4 16. Nxe4 dxe4 17. Qxe4 Qd5 18. Qxd5 Nxd5 19. Bd2 Rac8 20. Rac1 Rfd8 21. Rxc8 Rxc8 22. Rc1 Rxc1 23. Bxc1 Bd8 24. Kf1 Bb6 25.
Nc2 Kf8 26. Ke2 Ke7 27. Kd3 Kd7 28. g4 Ne7 29. h3 Bc7 30. Ke4 b5 31. Ne3 Kc6 32.
f5 a5 33. b3 b4 34. Bd2 Bb6 35. Be1 Bc7 36. Bh4 Ng8 37. fxe6 fxe6 38. d5+ exd5+ 39. Nxd5 Bb8 40. Bd8 a4 41. bxa4 1-0

[Event "Late-Titled-Tuesday-Blitz-February-06-2024"]
[Site "Chess.com"]
[Date "2024.02.06"]
[Round "4"]
[White "marianokar"]
[Black "morte-negra"]
[Result "1-0"]
[WhiteElo "2458"]
[BlackElo "2018"]
[TimeControl "180+1"]
[EndTime "14:37:26 PST"]
[Termination "marianokar won by resignation"]

1. c4 Nf6 2. Nc3 g6 3. d4 Bg7 4.
e4 d6 5. f3 O-O 6. Be3 c5 7. Nge2 Nbd7 8. d5 e6 9. Ng3 exd5 10.
cxd5 Re8 11. Be2 h5 12. O-O h4 13. Nh1 Nh5 14. Nf2 a6 15. a4 f5 16. Qd2 Ndf6 17.
Bg5 Qb6 18. Bxh4 fxe4 19. fxe4 Kh7 20. a5 Qa7 21. Na4 b5 22. axb6 Qb7 23. g4 Nxe4 24. Nxe4 Rxe4 25. gxh5 Rxh4 26. hxg6+ Kg8 27. Qg5 Rh6 28.
Qd8+ 1-0

[Event "Late-Titled-Tuesday-Blitz-February-06-2024"]
[Site "Chess.com"]
[Date "2024.02.06"]
[Round "4"]
[White "topce"]
[Black "CaspiIsrael"]
[Result "0-1"]
[WhiteElo "2397"]
[BlackElo "2680"]
[TimeControl "180+1"]
[EndTime "14:37:28 PST"]
[Termination "CaspiIsrael won on time"]

1. c4 e5 2. Nc3 Nf6 3. Nf3 Nc6 4. d3 d5 5. cxd5 Nxd5 6. e4 Nb6 7.
Be2 Be7 8. O-O O-O 9. Be3 Kh8 10. a4 a5 11. Bxb6 cxb6 12. h3 Be6 13. Nb5 Bc5 14.
Nd2 Nd4 15. Nc4 Bxc4 16. dxc4 Qh4 17. Nxd4 Bxd4 18. Bd3 Bxb2 19. Rb1 Bd4 20. Qf3 Rad8 21. Rfd1 Rd6 22. Qg4 Qxf2+ 23. Kh1 Rg6 24. Qf3 Qxf3 25. gxf3 Rg3 26. Bf1 Rxf3 27. Bg2 Rc3 28. Rdc1 Ra3 29.
c5 Bxc5 30. Rc4 g6 31. Rd1 Kg7 32. Rd7 h5 33. Bf1 Re8 34. Bd3 Re6 35. Rc2 Rf6 36.
Bb5 Rxh3+ 37. Kg2 Rh4 38. Rxc5 bxc5 39. Rxb7 Rg4+ 40. Kh3 Rf3+ 41. Kh2 Rf2+ 42. Kh3 Rxe4 43. Bc6 Re3+ 44. Kh4 Rf4+ 0-1

[Event "Late-Titled-Tuesday-Blitz-February-06-2024"]
[Site "Chess.com"]
[Date "2024.02.06"]
[Round "4"]
[White "olawsson"]
[Black "abfchess"]
[Result "0-1"]
[WhiteElo "2158"]
[BlackElo "2323"]
[TimeControl "180+1"]
[EndTime "14:37:31 PST"]
[Termination "abfchess won on time"]

1. d4 d5 2. c4 e6 3. Nc3 a6 4. Nf3 Nf6 5. Bg5 h6 6. Bh4 dxc4 7. e4 b5 8. e5 g5 9. Bg3 Nd5 10. h4 g4 11. Nd2 h5 12. Nde4 Be7 13. Be2 Bb7 14.
a4 Nxc3 15. Nxc3 Bxg2 16. Rg1 Bc6 17. axb5 axb5 18. Rxa8 Bxa8 19. Nxb5 c6 20. Nd6+ Bxd6 21. exd6 Qa5+ 22. Kf1 Nd7 23. Bxc4 Qb4 24. Qb3 Qxb3 25. Bxb3 c5 26. Ba4 cxd4 27. Ke2 Bf3+ 28. Kd2 Kd8 29. Rc1 Rh7 30. Rc7 f5 31. Be5 Nxe5 32. Rxh7 Nc4+ 0-1

[Event "Late-Titled-Tuesday-Blitz-February-06-2024"]
[Site "Chess.com"]
[Date "2024.02.06"]
[Round "4"]
[White "Ticondriul"]
[Black "Redzishchess"]
[Result "1-0"]
[WhiteElo "2724"]
[BlackElo "2525"]
[TimeControl "180+1"]
[EndTime "14:37:32 PST"]
[Termination "Ticondriul won on time"]

1. d4 Nf6 2. Nf3 d5 3. e3 Bg4 4. c4 e6 5. Qb3 Qc8 6. Ne5 Bf5 7. Nc3 c6 8. Bd2 Be7 9. Rc1 O-O 10. f3 Nbd7 11.
Nxd7 Qxd7 12. g4 Bg6 13. h4 h5 14. g5 dxc4 15. Bxc4 Nd5 16. e4 Nb6 17. Be3 Nxc4 18.
Qxc4 Rac8 19. b4 a5 20. a3 axb4 21. axb4 f5 22. e5 f4 23. Bd2 Rcd8 24. Ne2 Kh7 25.
Bxf4 Rf5 26. Rh3 Rdf8 27. Be3 Rxf3 28. Rxf3 Rxf3 29. Rc3 Be4 30. Nf4 Bd5 31. Qd3+ Kg8 32. Ke2 1-0

[Event "Late-Titled-Tuesday-Blitz-February-06-2024"]
[Site "Chess.com"]
[Date "2024.02.06"]
[Round "4"]
[White "Malev212"]
[Black "giovannibrandao7"]
[Result "1-0"]
[WhiteElo "2662"]
[BlackElo "2227"]
[TimeControl "180+1"]
[EndTime "14:37:32 PST"]
[Termination "Malev212 won by checkmate"]

1. e4 c5 2. Nf3 d6 3. d4 cxd4 4.
Nxd4 Nf6 5. Nc3 a6 6. Bc4 e6 7. Qe2 Be7 8. Bb3 O-O 9. h4 b5 10.
a3 Bb7 11. Bg5 Nbd7 12. O-O-O Rc8 13. Nxe6 fxe6 14. Bxe6+ Kh8 15. Nd5 Nxd5 16. exd5 Bxg5+ 17. hxg5 Qxg5+ 18. Kb1 Rce8 19. Rh5 Qf4 20. g3 Qf6 21. Rxh7+ Kxh7 22. Rh1+ Qh6 23. Qd3+ g6 24. Rxh6+ Kxh6 25. Bxd7 Re1+ 26. Ka2 Rxf2 27. Qd4 Rfe2 28. Qh8+ Kg5 29. Qh4# 1-0

[Event "Late-Titled-Tuesday-Blitz-February-06-2024"]
[Site "Chess.com"]
[Date "2024.02.06"]
[Round "4"]
[White "NeverGiveUppp"]
[Black "UnTucopalaTimba"]
[Result "1-0"]
[WhiteElo "2456"]
[BlackElo "1957"]
[TimeControl "180+1"]
[EndTime "14:37:32 PST"]
[Termination "NeverGiveUppp won by resignation"]

1. e4 c6 2. Nf3 d5 3. exd5 cxd5 4. Ne5 Nc6 5. d4 Nf6 6. Bb5 Qa5+ 7. Nc3 Qb6 8. Bg5 Be6 9. O-O a6 10. Ba4 h6 11. Bh4 O-O-O 12. Bxc6 bxc6 13. Na4 Qb5 14. Nc5 g5 15. Bg3 Ne4 16. a4 Qb6 17. Nxe6 fxe6 18.
Nf7 Nxg3 19. hxg3 Bg7 20. Nxh8 Rxh8 21. Qe2 Kd7 22. c3 Rf8 23. b4 a5 24. b5 c5 25.
c4 Bxd4 26. Rad1 dxc4 27. Qxc4 Qd6 28. Rd3 h5 29. b6 h4 30. Qb5+ Kd8 31. b7 Kc7 32.
Qxa5+ Kxb7 33. Rb3+ Kc6 34. Rb6+ 1-0

[Event "Late-Titled-Tuesday-Blitz-February-06-2024"]
[Site "Chess.com"]
[Date "2024.02.06"]
[Round "4"]
[White "Incognito_Knight"]
[Black "tptagain"]
[Result "0-1"]
[WhiteElo "2718"]
[BlackElo "2950"]
[TimeControl "180+1"]
[EndTime "14:37:39 PST"]
[Termination "tptagain won on time"]

1. b3 d5 2. Bb2 Bf5 3. Nf3 e6 4. g3 h6 5. Bg2 Nf6 6. O-O Be7 7. d3 a5 8. a3 O-O 9. Nbd2 c6 10. c4 Nbd7 11. Ra2 Bd6 12. e4 dxe4 13. dxe4 Bxe4 14. Nxe4 Nxe4 15. Ng5 Qxg5 16. Bxe4 Qe7 17. Bc3 Rfd8 18. Rd2 Bxa3 19. Qh5 Bb4 20. Bxb4 axb4 21. Rfd1 Nf6 0-1

[Event "Late-Titled-Tuesday-Blitz-February-06-2024"]
[Site "Chess.com"]
[Date "2024.02.06"]
[Round "4"]
[White "HandKnit"]
[Black "carloseduar100"]
[Result "0-1"]
[WhiteElo "2500"]
[BlackElo "2345"]
[TimeControl "180+1"]
[EndTime "14:37:39 PST"]
[Termination "carloseduar100 won by resignation"]

1. c4 Nf6 2. Nf3 g6 3. g3 Bg7 4. Bg2 O-O 5. O-O d5 6. cxd5 Qxd5 7. d4 Nc6 8. Be3 Qh5 9. Nc3 Bh3 10. Bf4 Bxg2 11. Kxg2 Nd5 12. Nxd5 Qxd5 13. e3 Rac8 14. Qb3 Qxb3 15. axb3 a6 16. Rfc1 Rfe8 17. g4 e5 18.
dxe5 Nxe5 19. Nxe5 Bxe5 20. Bxe5 Rxe5 21. Ra4 Rb5 22.
Rc3 c6 23. Rd4 Re8 24. f4 Kg7 25. Kf3 h5 26. g5 Re7 27. b4 a5 28. bxa5 Rxb2 29. Ra4 Rxh2 30. a6 bxa6 31. Rxa6 Rh3+ 32. Kf2 Re6 33. Raa3 h4 34. Kg2 Rg3+ 35. Kf2 Rd6 36. Ra2 Rd1 37. Re2 Rdg1 38. Rxc6 R3g2+ 39. Kf3 Rxe2 40. Kxe2 h3 0-1

[Event "Late-Titled-Tuesday-Blitz-February-06-2024"]
[Site "Chess.com"]
[Date "2024.02.06"]
[Round "4"]
[White "Witik"]
[Black "OneTrickPony_82"]
[Result "1-0"]
[WhiteElo "2752"]
[BlackElo "2537"]
[TimeControl "180+1"]
[EndTime "14:37:40 PST"]
[Termination "Witik won by resignation"]

1. d4 d5 2. c4 e6 3. Nc3 c5 4. e3 Nf6 5. a3 a6 6. dxc5 Bxc5 7. b4 Be7 8. Bb2 O-O 9. Nf3 dxc4 10.
Bxc4 b5 11. Bd3 Bb7 12. O-O Nbd7 13. Qe2 Rc8 14. Rfd1 Qb6 15. Ng5 Qc6 16. Nce4 h6 17. Rac1 Qb6 18. Bd4 Qd8 19. Nxf6+ Nxf6 20. Bxf6 Bxf6 21.
Bh7+ Kh8 22. Rxd8 Rxc1+ 23. Rd1 Rxd1+ 24. Qxd1 Bxg5 25. Bc2 Rd8 26. Qe2 Bf6 27. h3 Bc3 28. Qh5 Kg8 29. Qc5 Rc8 30. Qa7 Bd5 31. Qxa6 Rc6 32.
Qa8+ 1-0

[Event "Late-Titled-Tuesday-Blitz-February-06-2024"]
[Site "Chess.com"]
[Date "2024.02.06"]
[Round "4"]
[White "EcosseKillie"]
[Black "IsaqueGoncalvesSanto"]
[Result "1-0"]
[WhiteElo "2250"]
[BlackElo "1929"]
[TimeControl "180+1"]
[EndTime "14:37:40 PST"]
[Termination "EcosseKillie won on time"]

1. d4 e6 2. e4 d5 3. e5 c5 4. Nf3 cxd4 5. Bd3 Bb4+ 6. Nbd2 Nc6 7. O-O Bxd2 8. Bxd2 Nge7 9. Bf4 Ng6 10. Bg3 Qb6 11. Rb1 Bd7 12. a3 a5 13. Re1 Nge7 14. Qd2 h6 15. h4 g6 16. Bf4 h5 17. Bg5 Nf5 18.
Bf6 Rg8 19. g3 Nce7 20. Bxf5 Nxf5 21. Ng5 Rc8 22. Nh7 Qc5 23. Rbc1 Ba4 24. b3 Bb5 25. Bg5 Rh8 26. Nf6+ Kf8 27. a4 Ba6 28. Nd7+ Kg8 29.
Nxc5 Rxc5 30. c3 d3 31. c4 dxc4 32. bxc4 Bxc4 33. Rxc4 Rxc4 34. Qxd3 Rc8 35. Qb5 Kh7 36. Qxb7 Rhf8 37. Rb1 Kg8 38. Bf6 1-0

[Event "Late-Titled-Tuesday-Blitz-February-06-2024"]
[Site "Chess.com"]
[Date "2024.02.06"]
[Round "4"]
[White "Msb2"]
[Black "yobdc"]
[Result "1-0"]
[WhiteElo "2993"]
[BlackElo "2608"]
[TimeControl "180+1"]
[EndTime "14:37:41 PST"]
[Termination "Msb2 won by resignation"]

1. d4 Nf6 2. c4 g6 3. Nc3 Bg7 4. e4 d6 5. Nf3 O-O 6. Be2 e5 7. Be3 exd4 8. Nxd4 Re8 9. f3 c6 10. Qd2 Na6 11. O-O Nc7 12. Rad1 d5 13. cxd5 cxd5 14. Ndb5 a6 15. Nxc7 Qxc7 16. exd5 Qd6 17. a4 Bf5 18. Kh1 Rad8 19. Bc4 Nd7 20. Bd4 Ne5 21. Bb3 h5 22.
Rfe1 h4 23. h3 Nd3 24. Rxe8+ Rxe8 25. Bxg7 Kxg7 26. Bc4 Qg3 27. Bxd3 Bxd3 28. Qxd3 Re1+ 29. Rxe1 Qxe1+ 30. Kh2 Qg3+ 31. Kg1 Qe1+ 32. Qf1 Qd2 33. Qf2 Qc1+ 34. Qf1 Qxb2 35. Qd3 Qc1+ 36. Kf2 Qf4 37. d6 Qf6 38. d7 Qd8 39. Qd4+ f6 40. Ne4 1-0

[Event "Late-Titled-Tuesday-Blitz-February-06-2024"]
[Site "Chess.com"]
[Date "2024.02.06"]
[Round "4"]
[White "GoValya"]
[Black "Alina_Gumerovna"]
[Result "1-0"]
[WhiteElo "2275"]
[BlackElo "2090"]
[TimeControl "180+1"]
[EndTime "14:37:43 PST"]
[Termination "GoValya won on time"]

1. d4 Nf6 2. g3 g6 3. Bg2 Bg7 4. c4 O-O 5. Nc3 d6 6. Nf3 c6 7. O-O Qa5 8. e4 Bg4 9. h3 Bxf3 10. Bxf3 Nfd7 11. Bg2 Qb6 12. Ne2 e5 13. Be3 Qc7 14.
Rc1 a5 15. f4 f5 16. exf5 gxf5 17. c5 e4 18. cxd6 Qxd6 19. Nc3 Na6 20. Qb3+ Kh8 21. Rfd1 b5 22. d5 a4 23. Qc2 cxd5 24. Rxd5 Qc7 25.
Rcd1 1-0

[Event "Late-Titled-Tuesday-Blitz-February-06-2024"]
[Site "Chess.com"]
[Date "2024.02.06"]
[Round "4"]
[White "Tsschessulover"]
[Black "Godzillator"]
[Result "1-0"]
[WhiteElo "2587"]
[BlackElo "2416"]
[TimeControl "180+1"]
[EndTime "14:37:44 PST"]
[Termination "Tsschessulover won by resignation"]

1. d4 d5 2. Nf3 Nf6 3. Bf4 c5 4. e3 cxd4 5. exd4 Nc6 6. Nbd2 Bf5 7. Bb5 a6 8. Bxc6+ bxc6 9. c3 e6 10. Qa4 Qb6 11. Ne5 Rc8 12. b4 Ne4 13. Nxe4 Bxe4 14.
O-O f6 15. Ng4 Be7 16. Rfe1 Kf7 17. h3 Rhe8 18. a3 Bf8 19. Qd1 Bg6 20. Nh2 a5 21. Nf3 Ra8 22. Nh4 axb4 23. Nxg6 hxg6 24. axb4 Ra6 25. Qe2 Rxa1 26. Rxa1 Qb7 27. Qa2 e5 28. Be3 Bd6 29. Qa6 Qxa6 30. Rxa6 Rc8 31. b5 Ke6 32. bxc6 Be7 33. Bc1 Bd6 34. f3 g5 35. Kf2 Rb8 36.
c7 Rc8 37. Ba3 Rxc7 38. Bxd6 Rxc3 39. Bb4+ 1-0

[Event "Late-Titled-Tuesday-Blitz-February-06-2024"]
[Site "Chess.com"]
[Date "2024.02.06"]
[Round "4"]
[White "Jamal-Jamal-Jamal"]
[Black "reevecanada"]
[Result "0-1"]
[WhiteElo "2379"]
[BlackElo "2550"]
[TimeControl "180+1"]
[EndTime "14:37:44 PST"]
[Termination "reevecanada won by checkmate"]

1. e4 c5 2. Nf3 d6 3. d4 cxd4 4. Qxd4 Nc6 5. Qe3 Nf6 6. h3 g6 7. Be2 Bg7 8. O-O O-O 9. Rd1 Qb6 10. Qf4 Nh5 11. Qe3 Qxe3 12. fxe3 Ng3 13. Bd3 Ne5 14. Nc3 h5 15. Kf2 Nxf3 16. Kxf3 h4 17. Nd5 e6 18. Nf4 Be5 19. Rb1 b6 20. Ne2 f5 21.
Nxg3 fxe4+ 22. Kg4 exd3 23. cxd3 Bxg3 24. e4 e5+ 25.
Kg5 Kh7 26. Be3 Be6 27. Rbc1 Rf7 28. Rc6 Rd8 29. d4 exd4 30. Rxd4 Be5 31. Rd3 Bf6+ 32. Kf4 Be7# 0-1

[Event "Late-Titled-Tuesday-Blitz-February-06-2024"]
[Site "Chess.com"]
[Date "2024.02.06"]
[Round "4"]
[White "wanyaland"]
[Black "martinez_95"]
[Result "1-0"]
[WhiteElo "2487"]
[BlackElo "2224"]
[TimeControl "180+1"]
[EndTime "14:37:46 PST"]
[Termination "wanyaland won on time"]

1. d4 Nf6 2. c4 e6 3. g3 d5 4. Bg2 c6 5. Nf3 Be7 6. O-O O-O 7. Nbd2 a5 8. Qc2 Na6 9. a3 b6 10. e4 Bb7 11. e5 Nd7 12. b3 Rc8 13. Rd1 Qc7 14. cxd5 cxd5 15. Qd3 Qc3 16. Qxc3 Rxc3 17.
Rb1 Rfc8 18. Bf1 Nab8 19. Bb2 R3c7 20. Bd3 Ba6 21. Ne1 Bxd3 22. Nxd3 Rc2 23. Nf1 Bg5 24.
f4 Be7 25. Ne3 Re2 26. Re1 Rxe1+ 27. Rxe1 g6 28. Kf2 Kf8 29. Ke2 Ke8 30. h4 h5 31.
Rh1 Kd8 32. Kd2 Nc6 33. g4 hxg4 34. Nxg4 Kc7 35. h5 gxh5 36. Rxh5 Rg8 37. Ne3 Nf8 38. f5 Rg1 39. f6 Bd8 40. Rh8 Ng6 41. Rh7 1-0

[Event "Late-Titled-Tuesday-Blitz-February-06-2024"]
[Site "Chess.com"]
[Date "2024.02.06"]
[Round "4"]
[White "yuriydovzik"]
[Black "egnfanclub"]
[Result "0-1"]
[WhiteElo "2203"]
[BlackElo "2360"]
[TimeControl "180+1"]
[EndTime "14:37:49 PST"]
[Termination "egnfanclub won on time"]

1. e4 e5 2. Nf3 Nc6 3. Bb5 a6 4. Ba4 d6 5. O-O Bg4 6. c3 Qf6 7. d3 Ne7 8. Nbd2 Ng6 9. h3 h5 10. Re1 Nf4 11. Re3 Bd7 12. Nf1 g5 13. N3h2 Qg6 14. Rg3 O-O-O 15. h4 f6 16. Ne3 Bh6 17. Nf5 Bxf5 18. exf5 Qxf5 19. Bxc6 bxc6 20. Qa4 Kd7 21. Bxf4 exf4 22. Rf3 g4 0-1

[Event "Late-Titled-Tuesday-Blitz-February-06-2024"]
[Site "Chess.com"]
[Date "2024.02.06"]
[Round "4"]
[White "jcibarra"]
[Black "Orest_Vovk"]
[Result "1-0"]
[WhiteElo "2885"]
[BlackElo "2580"]
[TimeControl "180+1"]
[EndTime "14:37:50 PST"]
[Termination "jcibarra won on time"]

1. e4 g5 2. d4 g4 3. h3 d5 4.
e5 c5 5. c3 Nc6 6. hxg4 cxd4 7. cxd4 Qb6 8. Be3 Qxb2 9. Nd2 Nxd4 10. Bxd4 Qxd4 11. Bb5+ Kd8 12. Ngf3 Qxg4 13. Qb3 e6 14. Rh4 Qxg2 15. Rc1 b6 16. Qa4 Bc5 17. Rxc5 bxc5 18.
Qa5+ Ke7 19. Bc6 Rb8 20. Qxc5+ 1-0

[Event "Late-Titled-Tuesday-Blitz-February-06-2024"]
[Site "Chess.com"]
[Date "2024.02.06"]
[Round "4"]
[White "Der_Balak_3Halak"]
[Black "BebeBonito2022"]
[Result "1-0"]
[WhiteElo "2514"]
[BlackElo "2328"]
[TimeControl "180+1"]
[EndTime "14:37:56 PST"]
[Termination "Der_Balak_3Halak won by resignation"]

1. Nf3 Nf6 2. g3 d5 3. Bg2 Bg4 4. O-O Nbd7 5. d4 e6 6. Re1 c6 7. c3 Bd6 8. Nbd2 O-O 9. e4 dxe4 10. Nxe4 Nxe4 11. Rxe4 Nf6 12. Bg5 Bxf3 13. Qxf3 h6 14. Bxf6 Qxf6 15. Qxf6 gxf6 16. Rae1 a5 17. a4 Ra6 18. f4 f5 19. R4e2 Rb6 20. h3 h5 21.
Kf2 h4 22. Rg1 hxg3+ 23. Kxg3 Kh7 24. Kf3 Rg8 25. Rb1 Rb3 26. Bf1 b5 27. axb5 cxb5 28.
d5 Rg6 29. Rd2 e5 30. fxe5 Bxe5 31. Bd3 Rg3+ 32. Kf2 Kg6 33. Bc2 Bxc3 34. Bxb3 Bxd2 35.
Kxg3 1-0